 Dungeon Crawl Stone Soup version 0.18-a0-1443-ge8f1551 (webtiles) character file.

154640 4thArraOfDagon the Shatterer (level 17, -1/210 HPs)
             Began as an Ogre Hunter on Feb 29, 2016.
             Was a High Priest of Makhleb.
             Slain by a wolf spider (22 damage)
             ... on level 3 of the Spider Nest.
             The game lasted 01:59:39 (19504 turns).

4thArraOfDagon the Shatterer (Ogre Hunter)         Turns: 19504, Time: 01:59:39

Health: -1/210     AC:  1    Str: 28    XL:     17   Next: 33%
Magic:  24/24      EV:  8    Int: 10    God:    Makhleb [*****.]
Gold:   583        SH: 11    Dex:  8    Spells: 4 memorised, 14 levels left

rFire  . . .     SeeInvis .     X - +2 morningstar (protect)
rCold  . . .     Gourm    +     S - +4 troll leather armour
rNeg   . . .     Faith    .     s - +0 shield {reflect}
rPois  +         Spirit   .     (helmet restricted)
rElec  .         Dismiss  .     (no cloak)
rCorr  .         Reflect  +     (gloves unavailable)
SustAt .         Harm     .     (boots unavailable)
MR     +++..                    K - amulet of the gourmand
Stlth  +.........               x - ring of protection from magic
                                E - ring of poison resistance

@: corroded equipment, extremely resistant to hostile enchantments, very
unstealthy
A: unfitting armour, horns 1, talons 1, large bone plates 1, clumsy 1,
deterioration 1, magic resistance 1, robust 1, strong 1, tough skin 1, wild
magic 1
a: Minor Destruction, Lesser Servant of Makhleb, Major Destruction, Greater
Servant of Makhleb, Renounce Religion
}: 1/15 runes: barnacled


You were on level 3 of the Spider Nest.
You worshipped Makhleb.
Makhleb was extremely pleased with you.
You were not hungry.

You visited 6 branches of the dungeon, and saw 33 of its levels.
You also visited: Ice Cave.

You collected 2462 gold pieces.
You spent 1879 gold pieces at shops.

Inventory:

Hand Weapons
 u - a +0 giant spiked club
 X - a +2 morningstar of protection (weapon)
 Z - a +0 blowgun
Missiles
 H - 22 large rocks (quivered)
 P - 7 curare-tipped needles
Armour
 s - a +0 shield of reflection (worn)
 S - a +4 troll leather armour (worn)
Magical Staves
 e - an uncursed staff of earth
Jewellery
 q - an uncursed ring of positive energy
 x - a ring of protection from magic (right hand)
 E - a ring of poison resistance (left hand)
 K - an amulet of the gourmand (around neck)
 R - an uncursed ring of protection from fire
 V - an uncursed ring of ice
Wands
 t - a wand of paralysis (7/24)
 w - a wand of iceblast (9/15)
 D - a wand of digging (9/24)
 N - a wand of teleportation (4/9)
Scrolls
 a - 3 scrolls of noise
 g - 4 scrolls of fog
 m - 4 scrolls of recharging
 n - 5 scrolls of enchant weapon
 o - 2 scrolls of blinking
 y - 3 scrolls of enchant armour
 z - 2 scrolls of immolation
 B - 3 scrolls of summoning
 G - a scroll of identify
 M - 3 scrolls of teleportation
 Q - 10 scrolls of remove curse
 T - a scroll of fear
Potions
 b - 9 potions of lignification
 c - 2 potions of berserk rage
 d - 2 potions of cure mutation
 k - 2 potions of agility
 l - 8 potions of brilliance
 p - a potion of haste
 v - a potion of might
 A - 3 potions of curing
 F - 2 potions of ambrosia
 J - 2 potions of cancellation
 U - 3 potions of invisibility
 Y - 2 potions of resistance
Miscellaneous
 j - a phial of floods
 C - a plain deck of defence {the Shadow}
 L - an ornate deck of escape {the Shaft}
 O - an ornate deck of defence {the Blade}
Comestibles
 f - 12 bread rations
 h - 9 meat rations
 i - 10 royal jellies


   Skills:
 + Level 17.1 Fighting
 * Level 23.4 Maces & Flails
 - Level 4.0 Throwing
 + Level 9.5 Armour
 - Level 4.3 Dodging
 - Level 0.7 Stealth
 + Level 3.4 Shields
 + Level 4.1 Spellcasting
 * Level 3.8 Transmutations
 * Level 3.8 Earth Magic
 - Level 10.0 Invocations
 - Level 6.0 Evocations


You had 14 spell levels left.
You knew the following spells:

 Your Spells              Type           Power        Failure   Level  Hunger
a - Apportation           Tloc           #.........   93%         1    #......
b - Animate Skeleton      Necr           N/A          93%         1    #......
c - Sublimation of Blood  Necr           #.........   99%         2    ##.....
d - Statue Form           Trmt/Erth      ##.......    100%        6    #######


Dungeon Overview and Level Annotations

Branches:
Dungeon (15/15)            Temple (1/1) D:5            Lair (8/8) D:11
 Shoals (4/4) Lair:4       Spider (3/4) Lair:5        Slime (0/6) Lair:6
    Orc (2/2) D:9             Elf (0/3) Orc:2
 Vaults: D:13-14     Depths: D:15

Altars:
Ashenzari
Cheibriados
Dithmenos
Elyvilon
Fedhas
Gozag
Kikubaaqudgha
Makhleb
Nemelex Xobeh
Okawaru
Pakellas
Qazlal
Ru
Sif Muna
Trog
Vehumet
Xom
Yredelemnul
Zin
The Shining One
Jiyva

Shops:
D:7 }   D:9 }(%   D:10 :   Orc:2 %(!:?   Shoals:3 ?

Annotations:
D:6 Jano's ghost, novice CeHu
D:12 Frances
Lair:2 Duffy's ghost, journeyman DsGl
Lair:4 SHAOSL4
Shoals:4 Nikola
Spider:2 Louise


Innate Abilities, Weirdness & Mutations

You are too large for most types of armour.
You have tough skin (AC +1).
You have a pair of small horns on your head.
You have sharp toenails.
You are partially covered in large bone plates (AC +2, SH +2).
You are clumsy. (Dex -2)
Your body sometimes deteriorates upon taking damage.
You are resistant to hostile enchantments.
You are robust (+10% HP).
Your muscles are strong. (Str +2)
Your spells are a little harder to cast, but a little more powerful.


Message History

Evoke which item? (* to show all) (? for menu, Esc to quit)
Zapping:
D - a wand of digging (10/24)
Press: ? - help, Shift-Dir - straight line The rock shatters into small pieces.
This wand has 9 charges left.
Unknown command.
Unknown command.
Drink which item? (? for menu, Esc to quit)
Your magical effects are unravelling.
Your magical contamination has completely faded away.
You feel magically purged.
You feel yourself slow down.
You feel a little less agile now. The wolf spider hits you!
* * * LOW HITPOINT WARNING * * *
The wolf spider closely misses you.
Unknown command.
Drink which item? (? for menu, Esc to quit)
You feel much better. The wolf spider hits you!
* * * LOW HITPOINT WARNING * * *
You block the wolf spider's attack. The wolf spider hits you!!
You die...

#......#..# ##
##.....####
#.# ##....p##.
#.# #.........
#.# #.........
#.# #.s.......
#.# #ss......#
#.###s..#..###
#@#.#### ##
##s## #.## #.#
#.# #.# #.# ##


You could see a wolf spider.

Vanquished Creatures
  Jorgrun (Shoals:3)
  Polyphemus (Shoals:2)
  Ilsuiw (Shoals:4)
  Kirke (Shoals:3)
  Roxanne (Shoals:3)
  A dire elephant (Lair:8)
  3 merfolk javelineers
  Josephine (Lair:4)
  9 merfolk impalers
  Fannar (D:12)
  7 hydras
  2 centaur warriors (D:14)
  2 alligator snapping turtles (Shoals:4)
  A catoblepas (Shoals:2)
  16 death yaks
  3 merfolk aquamancers (Shoals:4)
  3 merfolk avatars
  A deep troll shaman (Lair:8)
  3 orc high priests (Orc:2)
  A skeletal warrior (D:13)
  10 sea snakes
  2 unseen horrors
  3 hill giants
  21 harpies
  2 orc knights (Orc:2)
  6 orc sorcerers
  10 griffons
  A wolf spider (Spider:3)
  6 manticores
  2 fauns (Shoals:3)
  19 elephants
  3 water nymphs (Shoals:4)
  4 cyclopes
  A moth of wrath (Spider:3)
  5 sirens
  5 black mambas
  Joseph (D:8)
  Maurice (D:9)
  A torpor snail (Lair:5)
  15 spiny frogs
  An efreet (D:13)
  4 rime drakes
  8 komodo dragons
  2 demonic crawlers
  A polar bear (shapeshifter) (D:14)
  4 trolls
  2 jumping spiders
  2 wind drakes
  A polar bear (Lair:7)
  20 merfolk
  5 blink frogs (Lair:4)
  5 slime creatures (D:14)
  A boulder beetle (Spider:1)
  9 snapping turtles
  34 yaks
  10 water elementals
  7 redbacks
  2 wyverns
  A shadow (D:11)
  2 tarantellas
  5 wraiths
  A basilisk (Lair:5)
  4 hogs
  2 steam dragons
  15 wolves
  7 hippogriffs
  2 hungry ghosts
  Menkaure (D:7)
  A warg (Orc:2)
  11 water moccasins
  8 porcupines
  2 black bears (Lair:8)
  12 orc warriors
  2 wasps
  14 ice beasts
  A phantom (D:10)
  3 sky beasts
  2 eyes of draining
  9 ogres
  9 centaurs
  8 crocodiles
  2 big kobolds (D:8)
  20 giant frogs
  2 wyvern skeletons
  A wyvern zombie (D:14)
  12 wights
  11 killer bees
  7 howler monkeys
  An electric eel (Lair:5)
  3 centaur zombies
  8 crimson imps
  A giant frog zombie (D:13)
  3 quasits
  A wasp zombie (D:11)
  3 jellies
  4 hounds
  2 giant frog skeletons
  11 orc priests
  Jessica (D:2)
  7 iguanas
  Ijyb (D:2)
  Terence (D:2)
  9 orc wizards
  6 worker ants
  A hell rat (D:11)
  18 sheep
  A killer bee zombie (D:6)
  3 hound skeletons
  A worker ant zombie (D:8)
  8 adders
  4 gnolls
  23 river rats
  2 shadow imps
  7 oozes
  An adder zombie (D:6)
  2 worms
  A dart slug (D:3)
  5 giant geckos
  42 orcs
  3 giant cockroaches
  7 goblins
  10 hobgoblins
  24 jackals
  5 quokkas
  A ball python (D:6)
  5 bats
  A giant gecko zombie (D:5)
  3 giant newts
  11 kobolds
  A quokka skeleton (D:5)
  5 rats
  A spectral orc (D:6)
  A bush (D:14)
  A fungus (Lair:8)
  A plant (Shoals:3)
733 creatures vanquished.

Vanquished Creatures (collateral kills)
  Donald (Shoals:3)
  3 merfolk impalers
  A merfolk avatar (Shoals:4)
  A rakshasa (D:13)
  2 alligator snapping turtles (Shoals:4)
  3 merfolk aquamancers (Shoals:4)
  A centaur warrior (Shoals:4)
  A death knight (D:9)
  A catoblepas (Lair:8)
  2 death yaks (Shoals:2)
  5 sea snakes
  A hill giant (D:14)
  2 orc knights (Orc:2)
  3 harpies
  2 ugly things
  2 fauns (Shoals:3)
  A manticore (Shoals:4)
  A cyclops (D:11)
  A water nymph (Shoals:4)
  A siren (Shoals:4)
  Psyche (D:9)
  A spiny frog (D:11)
  2 centaur skeletons (D:11)
  2 merfolk
  2 trolls
  A slime creature (D:14)
  3 snapping turtles (Shoals:4)
  A vampire (D:14)
  2 water elementals (Shoals:4)
  5 yaks
  A wraith (D:11)
  2 wolves
  A porcupine (Lair:1)
  6 orc warriors
  3 ice beasts
  A big kobold (D:11)
  A crocodile (Lair:5)
  2 wights (D:12)
  2 crimson imps
  A giant frog zombie (D:11)
  A centaur zombie (D:8)
  A hound (D:10)
  3 jellies
  5 orc wizards
  3 orc priests
  An iguana (Lair:1)
  A sheep (Shoals:4)
  2 gnolls (Orc:1)
  A giant gecko (D:9)
  6 orcs
  2 rats (D:11)
  A fungus (D:14)
102 creatures vanquished.

Vanquished Creatures (others)
  A human (Shoals:3)
  A centaur (Shoals:4)
  A hound (D:11)
  A bush (D:14)
  9 fungi
  8 plants
  4 tentacles (Shoals:4)
  29 tentacle segments (Shoals:4)
54 creatures vanquished.

Grand Total: 889 creatures vanquished

Notes
Turn   | Place    | Note
--------------------------------------------------------------
     0 | D:1      | 4thArraOfDagon the Ogre Hunter began the quest for the Orb.
     0 | D:1      | Reached XP level 1. HP: 22/22 MP: 1/1
     8 | D:1      | Noticed an ogre
    87 | D:1      | Reached skill level 1 in Maces & Flails
    87 | D:1      | Reached XP level 2. HP: 18/31 MP: 2/2
   165 | D:1      | Reached skill level 2 in Maces & Flails
   201 | D:1      | Gained mutation: You are partially covered in yellow scales (AC +2). [potion of mutation]
   201 | D:1      | Gained mutation: You are partially covered in large bone plates (AC +2, SH +2). [potion of mutation]
   282 | D:2      | Noticed Ijyb
   297 | D:1      | Reached skill level 3 in Maces & Flails
   297 | D:1      | Reached XP level 3. HP: 16/37 MP: 3/3
   323 | D:2      | Noticed Jessica
   324 | D:2      | Killed Jessica
   324 | D:2      | Reached skill level 4 in Maces & Flails
   365 | D:1      | Reached XP level 4. HP: 30/45 MP: 4/4
   632 | D:3      | Reached skill level 5 in Maces & Flails
   867 | D:4      | Reached XP level 5. HP: 49/53 MP: 5/5
   893 | D:4      | Reached skill level 6 in Maces & Flails
   909 | D:4      | Gained mutation: Your spells are a little harder to cast, but a little more powerful. [potion of mutation]
   909 | D:4      | Lost mutation: You are partially covered in yellow scales (AC +2). [potion of mutation]
   909 | D:4      | Gained mutation: You are resistant to hostile enchantments. [potion of mutation]
   924 | D:4      | Found a glowing silver altar of Zin.
   924 | D:4      | Found a bloodstained altar of Trog.
   948 | D:5      | Entered Level 5 of the Dungeon
   952 | D:5      | Found a staircase to the Ecumenical Temple.
   961 | Temple   | Entered the Ecumenical Temple
   974 | Temple   | Became a worshipper of Makhleb the Destroyer
  1212 | D:5      | Reached XP level 6. HP: 43/62 MP: 6/6
  1322 | D:5      | Noticed a sky beast
  1327 | D:5      | Killed a sky beast
  1327 | D:5      | Reached skill level 7 in Maces & Flails
  1487 | D:3      | Found a shattered altar of Ashenzari.
  1561 | D:4      | Reached skill level 8 in Maces & Flails
  1561 | D:4      | Reached XP level 7. HP: 63/71 MP: 7/7
  1575 | D:5      | Gained mutation: Your body sometimes deteriorates upon taking damage. [mutagenic meat]
  1779 | D:6      | Noticed Jano's ghost (novice CeHu)
  1818 | D:6      | Reached * piety under Makhleb
  1849 | D:6      | Found a shadowy altar of Dithmenos.
  1854 | D:6      | Reached skill level 5 in Fighting
  1991 | D:6      | Found a basalt altar of Yredelemnul.
  2105 | D:7      | Noticed a hill giant
  2122 | D:6      | Reached skill level 9 in Maces & Flails
  2128 | D:6      | Reached skill level 1 in Invocations
  2229 | D:6      | Found a sacrificial altar of Ru.
  2355 | D:6      | Reached XP level 8. HP: 39/83 MP: 9/9
  2808 | D:2      | Killed Ijyb
  2814 | D:2      | Reached ** piety under Makhleb
  2844 | D:2      | Noticed Terence
  2866 | D:2      | Killed Terence
  2876 | D:2      | Reached skill level 10 in Maces & Flails
  3225 | D:7      | Found a radiant altar of Vehumet.
  3393 | D:7      | Noticed Menkaure
  3396 | D:7      | Killed Menkaure
  3635 | D:8      | Reached *** piety under Makhleb
  3658 | D:8      | Reached skill level 11 in Maces & Flails
  3847 | D:9      | Noticed a vampire
  3890 | D:9      | Found Zadghithru's Antique Weapon Shop.
  3928 | D:9      | Reached XP level 9. HP: 83/93 MP: 0/12
  3959 | D:9      | Found Vicw's Food Shop.
  4028 | D:10     | Entered Level 10 of the Dungeon
  4097 | D:10     | Noticed a komodo dragon
  4305 | D:10     | Found Patiofue's Book Shop.
  4399 | D:10     | Reached skill level 12 in Maces & Flails
  4434 | D:10     | Reached skill level 5 in Invocations
  4697 | D:9      | Found Caen Umu's Gadget Shoppe.
  4801 | D:9      | Noticed a death knight
  4803 | D:9      | Noticed Maurice
  4812 | D:9      | Killed a death knight
  4812 | D:9      | Reached skill level 13 in Maces & Flails
  4827 | D:9      | Killed Maurice
  4827 | D:9      | Reached XP level 10. HP: 75/107 MP: 14/14
  4918 | D:9      | Reached **** piety under Makhleb
  4936 | D:9      | Noticed Psyche
  4939 | D:9      | Killed Psyche
  5166 | D:8      | Noticed Joseph
  5238 | D:10     | Learned a level 1 spell: Apportation
  5240 | D:10     | Learned a level 1 spell: Animate Skeleton
  5387 | D:11     | Found a staircase to the Lair.
  5389 | D:11     | Noticed a spiny frog
  5398 | D:11     | Killed a spiny frog
  5400 | D:11     | Reached skill level 14 in Maces & Flails
  5464 | D:11     | Noticed a cyclops
  5465 | D:11     | HP: 3/109 [cyclops/large rock (38)]
  5718 | D:10     | HP: 2/109 [orc warrior/short sword (19)]
  5911 | D:11     | Killed a cyclops
  5925 | D:11     | Reached skill level 10 in Fighting
  6005 | D:11     | Killed an unseen horror
  6041 | D:11     | Learned a level 2 spell: Sublimation of Blood
  6311 | D:12     | Noticed Frances
  6312 | D:12     | Noticed Fannar
  6340 | D:11     | Reached skill level 15 in Maces & Flails
  6370 | D:11     | Reached XP level 11. HP: 119/119 MP: 16/16
  6459 | D:11     | Noticed a brown ugly thing
  6475 | D:11     | Killed a brown ugly thing
  6484 | D:11     | Found a shimmering altar of Xom.
  6627 | D:13     | Noticed a rakshasa
  6832 | D:13     | Killed a rakshasa
  6965 | D:13     | Noticed a hill giant
  6975 | D:13     | Killed a hill giant
  7067 | D:14     | Noticed a griffon
  7078 | D:14     | Killed a griffon
  7078 | D:14     | Reached skill level 16 in Maces & Flails
  7291 | D:15     | Entered Level 15 of the Dungeon
  7341 | D:14     | Noticed a hill giant
  7347 | D:14     | Killed a hill giant
  7404 | D:15     | Noticed a six-headed hydra
  7494 | D:13     | Killed an unseen horror
  7494 | D:13     | Reached skill level 1 in Armour
  7595 | D:13     | Noticed a hill giant
  7602 | D:13     | Killed a hill giant
  7623 | D:13     | Noticed a brown ugly thing
  7675 | D:13     | Killed a brown ugly thing
  7756 | D:14     | Noticed a manticore
  7790 | D:14     | Killed a manticore
  7803 | D:14     | Noticed a five-headed hydra
  7813 | D:14     | Killed a five-headed hydra
  7813 | D:14     | Reached XP level 12. HP: 132/132 MP: 18/18
  7863 | D:14     | Noticed a centaur warrior
  7872 | D:14     | Killed a centaur warrior
  7911 | D:14     | Gained mutation: You have sharp toenails. [mutagenic meat]
  7912 | D:14     | Gained mutation: You are clumsy. (Dex -2) [mutagenic meat]
  7967 | D:14     | Noticed a centaur warrior
  7994 | D:14     | Killed a centaur warrior
  8004 | D:14     | Reached skill level 17 in Maces & Flails
  8479 | D:12     | Killed Fannar
  8479 | D:12     | Reached skill level 1 in Evocations
  9130 | D:8      | Killed Joseph
  9334 | D:7      | Found Ripniati's Gadget Emporium.
  9606 | D:10     | PFFF
  9893 | D:9      | Found a staircase to the Orcish Mines.
  9900 | D:9      | Gained mutation: You evolve. [potion of mutation]
  9901 | D:9      | PRRR
  9906 | Orc:1    | Entered Level 1 of the Orcish Mines
  9997 | Orc:1    | Reached skill level 10 in Invocations
 10008 | Orc:1    | Noticed a sun demon
 10204 | Orc:2    | Entered Level 2 of the Orcish Mines
 10412 | Orc:2    | Found Foutok's Magic Scroll Shop.
 10454 | Orc:2    | Reached ***** piety under Makhleb
 10670 | Orc:2    | Reached XP level 13. HP: 133/141 MP: 20/20
 10752 | Orc:2    | Reached skill level 18 in Maces & Flails
 11107 | Orc:2    | Found Zuylobb's Antique Weapon Shoppe.
 11107 | Orc:2    | Found Ulucrall's Food Shoppe.
 11108 | Orc:2    | Found Wietik's Book Shop.
 11108 | Orc:2    | Found Joockiwn's Distillery.
 11138 | Orc:2    | Bought a runed morningstar for 120 gold pieces
 11148 | Orc:2    | Bought a potion of lignification for 48 gold pieces
 11148 | Orc:2    | Bought a potion of haste for 160 gold pieces
 11148 | Orc:2    | Bought a potion of might for 64 gold pieces
 11148 | Orc:2    | Bought a potion of lignification for 48 gold pieces
 11148 | Orc:2    | Bought a potion of berserk rage for 80 gold pieces
 11148 | Orc:2    | Bought a potion of agility for 64 gold pieces
 11148 | Orc:2    | Bought a potion of curing for 48 gold pieces
 11242 | Orc:2    | Bought 2 scrolls of summoning for 247 gold pieces
 11242 | Orc:2    | Bought a scroll of teleportation for 39 gold pieces
 11242 | Orc:2    | Bought a scroll of enchant armour for 97 gold pieces
 11242 | Orc:2    | Bought a scroll of identify for 26 gold pieces
 11242 | Orc:2    | Bought a scroll of identify for 26 gold pieces
 11242 | Orc:2    | Bought a scroll of identify for 26 gold pieces
 11242 | Orc:2    | Bought a scroll of identify for 26 gold pieces
 11242 | Orc:2    | Bought a scroll of enchant armour for 97 gold pieces
 11262 | Orc:2    | Found a staircase to the Elven Halls.
 11304 | Orc:2    | Gained mutation: You are robust (+10% HP). [evolution]
 11392 | Lair:1   | Entered Level 1 of the Lair of Beasts
 11432 | Lair:1   | Found a white marble altar of Elyvilon.
 11699 | Lair:2   | Noticed Duffy's ghost (journeyman DsGl)
 11739 | Lair:1   | Reached skill level 5 in Armour
 11837 | Lair:2   | Found an iron altar of Okawaru.
 11917 | Lair:2   | Reached skill level 19 in Maces & Flails
 11982 | Lair:2   | Noticed an Executioner
 12232 | Lair:3   | Gained mutation: Your muscles are strong. (Str +2) [evolution]
 12321 | Lair:3   | Found a frozen archway.
 12371 | IceCv    | Entered an ice cave
 12429 | Lair:3   | Reached XP level 14. HP: 165/171 MP: 21/21
 12666 | Lair:4   | Noticed Josephine
 12709 | Lair:4   | Killed Josephine
 12725 | Lair:4   | Reached skill level 5 in Evocations
 13126 | Lair:5   | Reached ****** piety under Makhleb
 13220 | Lair:5   | Found a hole to the Spider Nest.
 13291 | Lair:5   | Reached skill level 20 in Maces & Flails
 13461 | Lair:6   | Found a staircase to the Slime Pits.
 13461 | Lair:6   | Found a viscous altar of Jiyva.
 13833 | Lair:7   | jacquesderrida: dagnan
 13852 | Lair:7   | jacquesderrida: mang and ogar
 13864 | Lair:7   | 4thArraOfDagon: hi
 14339 | Lair:8   | Entered Level 8 of the Lair of Beasts
 14391 | Lair:8   | Reached skill level 15 in Fighting
 14401 | Lair:8   | Reached XP level 15. HP: 183/183 MP: 22/22
 14411 | Lair:8   | Reached skill level 21 in Maces & Flails
 14477 | Lair:8   | jacquesderrida: HAI
 14531 | Lair:8   | jacquesderrida: NICE SMILE
 14574 | Lair:8   | Gained mutation: You have a pair of small horns on your head. [evolution]
 15299 | Lair:4   | Found a staircase to the Shoals.
 15316 | Shoals:1 | Entered Level 1 of the Shoals
 15643 | Shoals:1 | Reached skill level 22 in Maces & Flails
 15911 | Shoals:2 | HP: 5/187 [harpy (8)]
 16106 | Shoals:3 | Noticed Kirke
 16160 | Shoals:2 | Noticed Polyphemus
 16198 | Shoals:2 | Reached XP level 16. HP: 84/198 MP: 23/23
 16205 | Shoals:2 | Killed Polyphemus
 16383 | Shoals:3 | Found Ytzisanyl's Magic Scroll Shop.
 16391 | Shoals:3 | Bought a scroll of enchant armour for 142 gold pieces
 16391 | Shoals:3 | Bought a scroll of enchant weapon for 142 gold pieces
 16391 | Shoals:3 | Bought a scroll of enchant weapon for 142 gold pieces
 16391 | Shoals:3 | Bought a scroll of summoning for 180 gold pieces
 16391 | Shoals:3 | Bought a scroll of teleportation for 57 gold pieces
 16413 | Shoals:3 | Noticed Jorgrun
 16431 | Shoals:3 | Killed Jorgrun
 16454 | Shoals:3 | Noticed Donald
 16460 | Shoals:3 | Killed Kirke
 16467 | Shoals:3 | Killed Donald
 16527 | Shoals:4 | Entered Level 4 of the Shoals
 16559 | Shoals:3 | Reached skill level 1 in Shields
 16638 | Shoals:3 | Noticed Roxanne
 16661 | Shoals:3 | Killed Roxanne
 16672 | Shoals:3 | Learned a level 6 spell: Statue Form
 16817 | Shoals:3 | Lost mutation: You evolve. [end of evolution]
 17093 | Shoals:4 | Reached skill level 1 in Transmutations
 17103 | Shoals:4 | Reached skill level 1 in Spellcasting
 17117 | Shoals:4 | Reached skill level 1 in Earth Magic
 17126 | Shoals:4 | Noticed Ilsuiw
 17304 | Shoals:3 | Reached skill level 23 in Maces & Flails
 17673 | Shoals:4 | Noticed a kraken
 18284 | Shoals:4 | Turgon: Large shield? I thought they are newbie traps, even for ogres!
 18302 | Shoals:4 | zzxc: everything 4th does
 18303 | Shoals:4 | zzxc: just reverse it for normal play
 18318 | Shoals:4 | 4thArraOfDagon: hi
 18318 | Shoals:4 | Turgon: Mhmm, maybe it's just a regular shield
 18327 | Shoals:4 | zzxc: must be
 18330 | Shoals:4 | zzxc: only 11 SH
 18337 | Shoals:4 | Turgon: ... and ego item
 18356 | Shoals:4 | Turgon: Yes, I saw SH 11 afterwards
 18362 | Shoals:4 | zzxc: but an ogre with a shield is just bizarre
 18370 | Shoals:4 | zzxc: like a minotaur with a dagger
 18387 | Shoals:4 | Reached XP level 17. HP: 111/207 MP: 24/24
 18640 | Shoals:4 | zzxc: ogre with shield and dagger would be weirder I suppose
 18829 | Shoals:4 | HP: 9/207 [merfolk impaler/demon trident of flaming (4)]
 19004 | Shoals:4 | Killed Ilsuiw
 19017 | Shoals:4 | Noticed Nikola
 19132 | Shoals:4 | Got a barnacled rune of Zot
 19287 | Spider:1 | Entered Level 1 of the Spider Nest
 19405 | Spider:2 | Noticed Louise
 19492 | Spider:3 | HP: 10/210 [wolf spider (18)]
 19503 | Spider:3 | HP: 5/210 [wolf spider (16)]
 19504 | Spider:3 | Slain by a wolf spider

Vault maps used:
D:1:      evilmike_arrival_come_back, minmay_fountain_box
D:2:      okawaru_gym_becter, nrook_uturn, small_statue_intersection,
          serial_bayou_ford_a, uniq_iyjb, uniq_crazy_yiuf_cottage, uniq_jessica,
          uniq_terence
D:3:      ashenzari_conservatory_becter, first_bread, serial_glass,
          glass_columns_c, glass_columns_a, minmay_shallow_snake_nest
D:4:      gammafunk_temple_overflow_elements
D:5:      minmay_temple_entry_large_hall
D:6:      nicolae_overflow_crystal_walls, yredelemnul_forgotten_temple_becter,
          grunt_dithmenos_shadows
D:7:      vehumet_altar_wand_db, serial_shops, shop, st_stairs_13, uniq_menkaure
D:8:      uniq_joseph
D:9:      orc_0_dummy, serial_shops, nicolae_shop_trees, shop,
          nicolae_shop_trees, uniq_maurice, uniq_psyche
D:10:     serial_shops, shop, hangedman_little_slice_of_home
D:11:     dpeg_lair_monsters, xom_confusion_cloud
D:12:     uniq_fannar, uniq_frances
D:14:     lightli_vaults_fourway_checkpoint, serial_park_gazebo,
          minmay_misc_feat_ornament, grunt_ministairs_6
D:15:     grunt_enter_depths_magical_seal, minmay_misc_feat_rows
Temple:   circular_temple_12
Lair:1:   basic_altar, serial_bayou_crossing, grunt_megastairs_3
Lair:2:   basic_altar, beast_lair_carwin_2, serial_bayou_shore_b
Lair:3:   portal_ice_cave_entry_ice_beasts, st_stairs_9
Lair:4:   statuecave_lemuel, elwin_shoals_entry_rooms, uniq_josephine
Lair:5:   spider_nest_entry_rubble, serial_bayou_shore_a, serial_bayou_shore_b
Lair:6:   slime_altar_1, minmay_hedge_maze
Lair:7:   lemuel_fruit_fields, grunt_megastairs_2
Lair:8:   grunt_lair_end_beastmaster
Shoals:2: uniq_polyphemus
Shoals:3: serial_shops, nicolae_shop_trees, uniq_roxanne, uniq_donald,
          uniq_kirke, uniq_jorgrun
Shoals:4: shoals_end_simple, shoals_ilsuiw_alternative,
          hangedman_shoals_cup_caves, uniq_nikola
Spider:1: hangedman_spider_tarantella_strand, uniq_agnes
Spider:2: nicolae_spider_cling_halls, uniq_louise
Spider:3: spider_trap
Orc:2:    st_orc_elflike, serial_shops, shop
IceCv:    ice_cave_statue_garden_01

Skill      XL: |  1  2  3  4  5  6  7  8  9 10 11 12 13 14 15 16 17 |
---------------+----------------------------------------------------+-----
Fighting       | 3 4 5 7 9 10 11 12 14 15 16 17 | 17.1
Maces & Flails | 1 3 4 5 6 8 9 11 13 15 16 17 19 20 22 23 | 23.4
Invocations    | 2 4 6 7 9 10 | 10.0
Dodging        | 2 4 |  4.3
Armour         | 2 3 5 7 8 9 |  9.5
Evocations     | 2 4 6 |  6.0
Shields        | 2 3 |  3.4
Transmutations | 3 |  3.8
Spellcasting   | 3 4 |  4.1
Earth Magic    | 3 |  3.8
Throwing       | |  4.0
Stealth        | |  0.7

Action                   |  1- 3 |  4- 6 |  7- 9 | 10-12 | 13-15 | 16-18 || total
-------------------------+-------+-------+-------+-------+-------+-------++-------
Melee: Club              |    41 |    96 |       |       |       |       ||   137
       Short sword       |     7 |       |       |       |       |       ||     7
       Mace              |       |    64 |    59 |       |       |       ||   123
       Giant club        |       |       |   305 |       |       |       ||   305
       Great mace        |       |       |    50 |   123 |       |       ||   173
       Dire flail        |       |       |       |   443 |    75 |       ||   518
       Morningstar       |       |       |       |       |  1197 |   678 ||  1875
Throw: Large rock        |     9 |    20 |    10 |    63 |    37 |    27 ||   166
       Throwing net      |     3 |     3 |     3 |     4 |     3 |     2 ||    18
Invok: Lesser Servant of |       |       |     1 |    35 |    27 |    31 ||    94
       Greater Servant o |       |       |       |       |     1 |     1 ||     2
       Minor Destruction |       |       |       |       |       |     1 ||     1
       Major Destruction |       |       |       |       |       |     1 ||     1
Evoke: Wand              |       |       |     2 |    10 |     5 |    13 ||    30
  Use: Potion            |     1 |     1 |     9 |     3 |     4 |    15 ||    33
       Scroll            |       |       |    14 |     8 |    17 |    12 ||    51
 Stab: Distracted        |       |     1 |       |     5 |     9 |    14 ||    29
       Held in net/web   |       |       |     2 |     1 |       |       ||     3
       Sleeping          |       |       |       |       |     1 |       ||     1
       Petrified         |       |       |       |       |     1 |       ||     1
  Eat: Royal jelly       |       |     1 |       |       |       |     1 ||     2
       Chunk             |       |       |    13 |    16 |    10 |    19 ||    58
       Pizza             |       |       |     1 |     1 |     4 |       ||     6
       Beef jerky        |       |       |       |     1 |     2 |     1 ||     4
       Fruit             |       |       |       |     8 |     3 |       ||    11
